 Dungeon Crawl Stone Soup version 0.20.1-1-g8b1a95d (webtiles) character file.

44 Folque the Magician (level 3, -1/24 HPs)
             Began as an Octopode Wizard on Nov 6, 2017.
             Slain by a gnoll
             ... wielding a +0 flail
              (6 damage)
             ... on level 2 of the Dungeon.
             The game lasted 00:04:00 (1354 turns).

Folque the Magician (Octopode Wizard)               Turns: 1354, Time: 00:04:01

Health: -1/24      AC:  1    Str:  6    XL:     3   Next: 60%
Magic:  6/8        EV: 13    Int: 21    God:
Gold:   89         SH:  0    Dex: 10    Spells: 1/9 levels left

rFire    . . .     SeeInvis .   l - +1 whip (vamp)
rCold    . . .     Gourm    .   (no shield)
rNeg     . . .     Faith    .   a - +0 hat
rPois    .         Spirit   .   (no amulet)
rElec    .         Reflect  .   (no ring)
rCorr    .         Harm     .   (no ring)
MR       .....                  (no ring)
Stlth    +++.......             (no ring)
Regen    0.1/turn               (no ring)
MPRegen  0.2/turn               (no ring)
                                (no ring)
                                (no ring)

@: no status effects
A: almost no armour, stealthy swim, amphibious, 8 rings, constrict 8, camouflage
1, gelatinous body 1
a: no special abilities


You were on level 2 of the Dungeon.
You were not hungry.

You visited 1 branch of the dungeon, and saw 2 of its levels.

You collected 89 gold pieces.

Inventory:

Hand Weapons
 d - a +0 club
 e - a +0 short sword
 j - a cursed -3 whip
 l - a +1 vampiric whip (weapon)
Armour
 a - a +0 hat (worn)
Jewellery
 k - a +5 ring of strength {unknown}
Potions
 f - a potion of flight {unknown}
 h - 2 potions of curing {unknown}
 i - a potion of cancellation {unknown}
Books
 b - a book of Minor Magic

   Spells                             Type                      Level
   a - Magic Dart                     Conjuration                  1
   b - Blink                          Translocation                2
   c - Call Imp                       Summoning                    2
   d - Slow                           Hexes                        2
   e - Conjure Flame                  Conjuration/Fire             3
   f - Mephitic Cloud                 Conjuration/Poison/Air       3
Comestibles
 c - a bread ration
 g - 2 fruits


   Skills:
 - Level 2.0 Fighting
 - Level 2.0 Dodging
 - Level 2.6 Stealth
 + Level 3.5 Spellcasting
 + Level 1.2 Conjurations
 - Level 1.0 Summonings
 - Level 1.0 Translocations
 * Level 0.8 Poison Magic


You had one spell level left.
You knew the following spells:

 Your Spells              Type           Power        Failure   Level  Hunger
a - Magic Dart            Conj           #...         8%          1    None
b - Call Imp              Summ           #.......     13%         2    ##.....
c - Blink                 Tloc           N/A          13%         2    ##.....
d - Mephitic Cloud        Conj/Pois/Air  #.......     28%         3    ###....


Dungeon Overview and Level Annotations

Branches:
Dungeon (2/15)

Altars:


Innate Abilities, Weirdness & Mutations

You cannot wear most types of armour.
You are very stealthy in the water. (Stealth+)
You are amphibious.
You can wear up to eight rings at the same time.
You can use your tentacles to constrict eight enemies at once.
Your skin changes colour to match your surroundings (Stealth+).
Your rubbery body absorbs attacks. (AC +1, EV +1)


Message History

Eating a chunk of flesh.
You eat the chunk of flesh.
This raw flesh tastes terrible.
HP restored.
A gnoll comes into view. It is wielding a flail.
The helpless gnoll fails to defend itself.
You hit the gnoll. Your grab misses the gnoll.
The gnoll is lightly wounded.
The gnoll hits you with a flail!
You barely miss the gnoll. You grab the gnoll.
The gnoll is lightly wounded.
You constrict the gnoll. The gnoll hits you with a flail!
* * * LOW HITPOINT WARNING * * *
Unknown command.
You release your grip on the gnoll.
Casting: Call Imp
Confirm with . or Enter, or press ? or * to list all spells.
A beastly little devil appears in a puff of frigid air.
Your white imp says, "You called?"
The gnoll hits you with a flail.
You die...

##### ...#
####.#####
#...<....#
#.##.###.#
#.# #.#
.######.#
#.#
.......<#
#@#
.########
#g# #5#
#.# #.#
... ...##
.....
##...#


You could see a gnoll and a friendly white imp.

Vanquished Creatures
  A gnoll (D:1)
  2 dart slugs (D:1)
  A goblin (D:1)
  5 hobgoblins
  5 jackals (D:1)
  6 kobolds (D:1)
  A ball python (D:1)
  2 bats (D:1)
  2 frilled lizards (D:1)
  3 rats (D:1)
28 creatures vanquished.

Vanquished Creatures (collateral kills)
  A kobold (D:1)
1 creature vanquished.

Grand Total: 29 creatures vanquished

Notes
Turn   | Place    | Note
-------+----------+-------------------------------------------
     0 | D:1      | Folque the Octopode Wizard began the quest for the Orb.
     0 | D:1      | Reached XP level 1. HP: 11/11 MP: 4/4
   109 | D:1      | Reached skill level 1 in Fighting
   110 | D:1      | Reached XP level 2. HP: 12/18 MP: 4/6
   519 | D:1      | Learned a level 2 spell: Call Imp
   522 | D:1      | Learned a level 2 spell: Blink
   551 | D:1      | Reached XP level 3. HP: 24/24 MP: 7/7
   556 | D:1      | Learned a level 3 spell: Mephitic Cloud
  1354 | D:2      | Slain by a gnoll

Skill      XL: |  1  2 |
---------------+-------+-----
Fighting       | 1 2 |  2.0
Dodging        | |  2.0
Stealth        | |  2.6
Spellcasting   | |  3.5
Conjurations   | |  1.2
Summonings     | |  1.0
Translocations | |  1.0
Poison Magic   | |  0.8

Action                   || total
-------------------------++-------
Melee: Club              ||     7
       Constrict         ||    18
       Tentacles         ||    11
       Unarmed           ||     1
       Short sword       ||    50
       Whip              ||    11
 Cast: Magic Dart        ||    10
       Call Imp          ||     4
 Stab: Sleeping          ||     9
  Eat: Bread ration      ||     1
       Fruit             ||     1
       Chunk             ||     1
Armor: Skin              ||     1
Dodge: Dodged            ||    49
